 Dungeon Crawl Stone Soup version 0.20.0-15-g7f486f2 (webtiles) character file.

172 Exporg the Cudgeler (level 5, -7/47 HPs)
             Began as a Minotaur Monk on June 22, 2017.
             Was a Priest of Qazlal.
             Mangled by Benis312's ghost (15 damage)
             ... on level 3 of the Dungeon.
             The game lasted 00:04:23 (2802 turns).

Exporg the Cudgeler (Minotaur Monk)                 Turns: 2802, Time: 00:04:23

Health: -7/47      AC:  2    Str: 21    XL:     5   Next: 27%
Magic:  10/13      EV: 14    Int:  7    God:    Qazlal [***...]
Gold:   123        SH:  3    Dex: 13    Spells: 4/4 levels left

rFire    . . .     SeeInvis .   a - +0 mace
rCold    . . .     Gourm    .   (no shield)
rNeg     . . .     Faith    .   b - +0 robe
rPois    .         Spirit   .   (helmet restricted)
rElec    .         Reflect  .   (no cloak)
rCorr    +         Harm     .   (no gloves)
MR       .....                  (no boots)
Stlth    ++........             (no amulet)
Regen    0.2/turn               h - ring of magical power
MPRegen  0.2/turn               l - ring of resist corrosion

@: mighty
A: retaliatory headbutt, horns 2, blink, wild magic 1, MP-powered wands
a: Blink, Upheaval, Elemental Force, Renounce Religion


You were on level 3 of the Dungeon.
You worshipped Qazlal.
Qazlal was most pleased with you.
You were not hungry.

You visited 1 branch of the dungeon, and saw 3 of its levels.

You collected 123 gold pieces.

Inventory:

Hand Weapons
 a - a +0 mace (weapon)
Missiles
 i - 12 bolts
Armour
 b - a +0 robe (worn)
Jewellery
 h - a ring of magical power (left hand)
 l - a ring of resist corrosion (right hand)
Wands
 u - a wand of disintegration (7/24)
Scrolls
 g - a scroll of magic mapping {unknown}
 j - 4 scrolls of identify {unknown}
 k - a scroll of fear {unknown}
 q - 3 scrolls of fog {unknown}
 s - a scroll of recharging {unknown}
 t - a scroll of remove curse {unknown}
 v - a scroll of enchant weapon {unknown}
Potions
 e - 2 potions of mutation
 f - a potion of might
 m - 2 potions of curing {unknown}
 n - a potion of resistance {unknown}
 o - a potion of flight {unknown}
 p - 2 potions of agility {unknown}
 r - a potion of lignification {unknown}
 w - a potion of cancellation {unknown}
Comestibles
 c - 3 bread rations
 d - a meat ration


   Skills:
 + Level 4.7 Fighting
 + Level 5.3 Maces & Flails
 + Level 4.4 Dodging
 + Level 1.9 Stealth


You had 4 spell levels left.
You didn't know any spells.

Dungeon Overview and Level Annotations

Branches:
Dungeon (3/15)

Altars:
Elyvilon
Nemelex Xobeh
Qazlal
Ru
Trog
Xom

Annotations:
D:3 Benis312's ghost, amateur TrBe


Innate Abilities, Weirdness & Mutations

You reflexively headbutt those who attack you in melee.
You have a pair of horns on your head.
You can translocate small distances at will.
Your spells are a little harder to cast, but a little more powerful.
You expend magic power (3 MP) to strengthen your wands.


Message History

Benis312's ghost is lightly damaged.
Benis312's ghost barely misses you.
You closely miss Benis312's ghost. Your headbutt misses Benis312's ghost.
Benis312's ghost is lightly damaged.
Benis312's ghost barely misses you. You furiously retaliate!
You headbutt Benis312's ghost, but do no damage.
You bludgeon Benis312's ghost!!
Benis312's ghost is heavily damaged.
Benis312's ghost hits you! Benis312's ghost hits you!!
* * * LOW HITPOINT WARNING * * *
You hit Benis312's ghost.
Benis312's ghost is heavily damaged.
Benis312's ghost closely misses you.
You thump Benis312's ghost! Your headbutt misses Benis312's ghost.
Benis312's ghost is severely damaged.
Benis312's ghost closely misses you.
You thump Benis312's ghost!
Benis312's ghost is severely damaged.
Benis312's ghost hits you!
You die...

#.# #.# #.#
#.# #.#
########.#
#........#
#.########
#@# #W# #o#
#.#########
#..........
###........
#So##.##.
.......†.#
.#######o#


You could see an orc wizard and Benis312's ghost.

Vanquished Creatures
  6 adders
  A gnoll (D:1)
  2 oozes
  A worm (D:3)
  A dart slug (D:1)
  3 leopard geckos (D:2)
  4 orcs (D:3)
  2 ball pythons
  10 bats
  4 giant cockroaches
  10 goblins
  3 hobgoblins
  4 jackals (D:2)
  5 kobolds
  6 quokkas
  6 frilled lizards
  26 rats
94 creatures vanquished.

Notes
Turn   | Place    | Note
-------+----------+-------------------------------------------
     0 | D:1      | Exporg the Minotaur Monk began the quest for the Orb.
     0 | D:1      | Reached XP level 1. HP: 19/19 MP: 0/0
   192 | D:1      | Reached XP level 2. HP: 25/27 MP: 1/1
   468 | D:1      | Reached skill level 4 in Maces & Flails
   876 | D:1      | Reached XP level 3. HP: 33/33 MP: 2/2
  1822 | D:2      | Reached XP level 4. HP: 41/41 MP: 3/3
  2129 | D:2      | Found a stormy altar of Qazlal.
  2129 | D:2      | Found a bloodstained altar of Trog.
  2137 | D:2      | Reached skill level 5 in Maces & Flails
  2146 | D:2      | Found a sacrificial altar of Ru.
  2149 | D:2      | Found a sparkling altar of Nemelex Xobeh.
  2153 | D:2      | Found a faded altar of an unknown god.
  2227 | D:2      | Became a worshipper of Qazlal Stormbringer
  2227 | D:2      | Reached * piety under Qazlal
  2227 | D:2      | Reached ** piety under Qazlal
  2422 | D:2      | Found a shimmering altar of Xom.
  2422 | D:2      | Found a white marble altar of Elyvilon.
  2499 | D:3      | Gained mutation: You expend magic power (3 MP) to strengthen your wands. [potion of mutation]
  2499 | D:3      | Gained mutation: Your spells are a little harder to cast, but a little more powerful. [potion of mutation]
  2499 | D:3      | Gained mutation: You can translocate small distances at will. [potion of mutation]
  2501 | D:3      | Reached XP level 5. HP: 9/47 MP: 4/4
  2783 | D:3      | Noticed Benis312's ghost (amateur TrBe)
  2789 | D:3      | Reached *** piety under Qazlal
  2802 | D:3      | Mangled by Benis312's ghost

Skill      XL: |  1  2  3  4 |
---------------+-------------+-----
Fighting       | 4 |  4.7
Maces & Flails | 4 5 |  5.3
Dodging        | 4 |  4.4
Stealth        | |  1.9

Action                   |  1- 3 |  4- 6 || total
-------------------------+-------+-------++-------
Melee: Mace              |    92 |    91 ||   183
       Headbutt          |    10 |    14 ||    24
Invok: Upheaval          |       |     1 ||     1
  Use: Potion            |       |     2 ||     2
 Stab: Sleeping          |     3 |     1 ||     4
  Eat: Chunk             |     2 |     4 ||     6
Armor: Robe              |    16 |    10 ||    26
Dodge: Dodged            |    73 |    70 ||   143
Block: Other             |       |     5 ||     5
